 Dungeon Crawl Stone Soup version 0.27.1 (webtiles) character file.

Game seed: 4095362884310762300

2607 safid the Cleaver (level 9, -5/80 HPs)
             Began as a Hill Orc Fighter on Sept 1, 2021.
             Slain by Psyche (10 damage)
             ... on level 8 of the Dungeon.
             The game lasted 00:25:22 (7097 turns).

safid the Cleaver (Hill Orc Fighter)                Turns: 7097, Time: 00:25:23

Health: -5/80      AC: 10    Str: 22    XL:     9   Next: 59%
Magic:  9/9        EV:  8    Int: 14    God:
Gold:   437        SH: 10    Dex:  5    Spells: 8/8 levels left

rFire    + . .     SeeInvis .   a - +0 war axe
rCold    . . .     Faith    .   c - +0 kite shield
rNeg     . . .     Spirit   .   g - +0 scale mail {rF+}
rPois    +         Reflect  .   o - +1 helmet
rElec    +         Harm     .   (no cloak)
rCorr    .         Rampage  .   f - +0 pair of gloves
Will     +....                  (no boots)
Stlth    ..........             r - amulet of regeneration
HPRegen  1.23/turn              s - ring "Qapyrih" {rElec rPois Int+6 Dex-5}
MPRegen  0.11/turn              k - ring of willpower

@: no status effects
A: no striking features
a: no special abilities


You were on level 8 of the Dungeon.
You visited 2 branches of the dungeon, and saw 9 of its levels.
You also visited: Sewer.

You collected 437 gold pieces.

Inventory:

Hand Weapons
 a - a +0 war axe (weapon)
Missiles
 j - 2 curare-tipped darts
 p - 19 poisoned darts (quivered)
Armour
 c - a +0 kite shield (worn)
 f - a +0 pair of gloves (worn)
 g - a +0 scale mail of fire resistance (worn)
 o - a +1 helmet (worn)
Jewellery
 k - a ring of willpower (right hand)
 r - an amulet of regeneration (around neck)
 s - the ring "Qapyrih" (left hand) {rElec rPois Int+6 Dex-5}
   (You found it on level 4 of the Dungeon)

   [ring of intelligence]

   Int:       It affects your intelligence (+6).
   Dex:       It affects your dexterity (-5).
   rElec:     It insulates you from electricity.
   rPois:     It protects you from poison.
Wands
 t - a wand of flame (25)
 y - a wand of paralysis (5)
Scrolls
 b - 2 scrolls of fog
 h - 3 scrolls of teleportation
 i - a scroll of silence
 m - 2 scrolls of magic mapping {unknown}
 q - 3 scrolls of blinking
 u - a scroll of amnesia
 v - a scroll of fear {unknown}
Potions
 d - a potion of might
 e - a potion of resistance {unknown}
 l - a potion of lignification {unknown}
 n - 3 potions of curing
 w - 2 potions of haste {unknown}
 x - a potion of flight {unknown}


   Skills:
 + Level 7.7 Fighting
 + Level 12.0 Axes
 + Level 0.5 Throwing
 - Level 3.2 Armour
 + Level 7.9 Shields


You had 8 spell levels left.
You didn't know any spells.
Your spell library contained the following spells:

 Spells                   Type           Power      Damage    Failure   Level
 Stone Arrow              Conj/Erth      0%         3d7       99%         3
 Animate Armour           Summ/Erth      0%         N/A       100%        4
 Lehudib's Crystal Spear  Conj/Erth      0%         10d2      100%        8


Dungeon Overview and Level Annotations

Branches:
Dungeon (8/15)             Temple (1/1) D:5           Sewer (visited)
   Lair: D:8-11

Altars:
Ashenzari
Cheibriados
Elyvilon
Fedhas
Gozag
Hepliaklqana
Kikubaaqudgha
Makhleb
Nemelex Xobeh
Okawaru
Qazlal
Ru
Sif Muna
Trog
Uskayaw
Vehumet
Wu Jian
Xom
Yredelemnul
Zin
The Shining One

Annotations:
D:7 2 transporters, bigurice's ghost, novice SpAM
D:8 Psyche


Message History

You slash the bullfrog!
You kill the bullfrog!
You barely miss something. Something hits you but does no damage.
Space bends around you.
There is a stone staircase leading down here.
You hear some strange, mumbled words.
A swirling arc of seething chaos appears!
An arc of chaos appears from out of thin air!
The arc of chaos hits you but does no damage.
The arc of chaos grounds out.
Something hits you.
You blink.
You see here 23 arrows.
Something hits you but does no damage.
You miss something. Something hits you! Space warps horribly around you!!
You hit something but do no damage. Something hits you but does no damage.
Space warps horribly around you! You block something's attack.
You miss something. Something hits you. Space warps horribly around you!!
* * * LOW HITPOINT WARNING * * *
You slash something! Something hits you.
* * * LOW HITPOINT WARNING * * *
Space bends around you.
* * * LOW HITPOINT WARNING * * *
You feel better.
You hear some strange, mumbled words.
Something tries to affect you, but you resist.
Something hits you.
* * * LOW HITPOINT WARNING * * *
Space bends around you.
* * * LOW HITPOINT WARNING * * *
You closely miss something.
You hear some strange, mumbled words.
A swirling arc of seething chaos appears!
An arc of chaos appears from out of thin air!
The arc of chaos hits you.
* * * LOW HITPOINT WARNING * * *
Unknown command.
Something hits you but does no damage. Space bends around you.
* * * LOW HITPOINT WARNING * * *
Something hits you!
You die...

#############
#.....).))..###########
##........)@...........#####
........####..(......>......
.##.###.## ###########..#.##
.........###### #†.#
..............# #..#
###.###..####.# .... # #..#
#.# #..#. ##.###..####.#
#..#.. .............# #..#
.#


There were no monsters in sight!

Vanquished Creatures
  Sigmund (D:5)
  Menkaure (D:5)
  A water moccasin (D:6)
  A black bear (D:8)
  An orc warrior (D:7)
  3 necrophages
  4 ogres
  2 centaurs
  2 phantoms
  2 scorpions
  4 bullfrogs
  A water moccasin skeleton (D:4)
  A howler monkey (D:6)
  A jelly (D:5)
  2 hounds
  An orc priest (D:7)
  2 bullfrog skeletons
  A scorpion zombie (D:5)
  An iguana (D:5)
  6 orc wizards
  14 adders
  3 shadow imps
  A white imp (D:6)
  A worm (D:2)
  6 dart slugs
  23 orcs
  17 ball pythons
  12 endoplasms
  15 giant cockroaches
  7 goblins
  2 hobgoblins
  4 jackals (D:1)
  4 kobolds
  12 quokkas
  10 bats
  18 frilled lizards
  4 rats
191 creatures vanquished.

Notes
Turn   | Place    | Note
-------+----------+-------------------------------------------
     0 | D:1      | safid the Hill Orc Fighter began the quest for the Orb.
     0 | D:1      | Reached XP level 1. HP: 19/19 MP: 1/1
   108 | D:1      | Reached XP level 2. HP: 19/27 MP: 2/2
   283 | D:1      | Reached skill level 3 in Axes
   623 | D:1      | Reached XP level 3. HP: 32/33 MP: 3/3
  1444 | D:2      | Reached skill level 4 in Axes
  1695 | D:2      | Reached XP level 4. HP: 35/40 MP: 4/4
  2430 | D:3      | Reached skill level 5 in Axes
  2611 | D:3      | Found a faded altar of an unknown god.
  3004 | D:4      | Reached XP level 5. HP: 47/47 MP: 5/5
  3012 | D:4      | Found a glowing drain.
  3024 | Sewer    | Entered a sewer
  3598 | Sewer    | Reached skill level 6 in Axes
  3612 | Sewer    | Reached XP level 6. HP: 20/53 MP: 6/6
  3613 | Sewer    | Reached skill level 5 in Shields
  4009 | D:4      | Identified the ring "Qapyrih" {rElec rPois Int+6 Dex-5}
  4018 | D:4      | Reached skill level 7 in Axes
  4128 | D:4      | Reached skill level 5 in Fighting
  4128 | D:4      | Reached XP level 7. HP: 61/61 MP: 7/7
  4483 | D:5      | Entered Level 5 of the Dungeon
  4533 | D:5      | Found a stormy altar of Qazlal.
  4813 | D:5      | Noticed Menkaure
  4827 | D:5      | Killed Menkaure
  4828 | D:5      | Reached skill level 8 in Axes
  4871 | D:5      | Noticed Sigmund
  4900 | D:5      | Killed Sigmund
  4901 | D:5      | Reached skill level 9 in Axes
  4901 | D:5      | Reached XP level 8. HP: 54/70 MP: 8/8
  5165 | D:5      | Found a staircase to the Ecumenical Temple.
  5338 | Temple   | Entered the Ecumenical Temple
  5455 | D:5      | Reached skill level 10 in Axes
  5650 | D:6      | Reached XP level 9. HP: 78/78 MP: 9/9
  5667 | D:6      | Reached skill level 11 in Axes
  6004 | D:7      | Noticed an ancient zyme
  6008 | D:7      | Found a transporter.
  6008 | D:7      | Found a transporter.
  6015 | D:7      | Noticed bigurice's ghost (novice SpAM)
  6150 | D:7      | Found a sparkling altar of Nemelex Xobeh.
  6989 | D:8      | Found a radiant altar of Vehumet.
  6992 | D:8      | Found a sacrificial altar of Ru.
  6995 | D:8      | Found a white marble altar of Elyvilon.
  6998 | D:8      | Found a hide-covered altar of Uskayaw.
  7059 | D:8      | Reached skill level 12 in Axes
  7072 | D:8      | Noticed Psyche
  7094 | D:8      | HP: 2/80 [something (6)]
  7097 | D:8      | Slain by Psyche

Illustrated notes

Levels and vault maps discovered:
D:1:      kennysheep_arrival_seaside, layout_loops_corners
D:2:      layout_loops_ring
D:3:      layout_basic, dreamdust_ecumenical_altar_statues,
          minmay_misc_feat_alley, st_stairs_3, mrwooster_statue_mirror
D:4:      layout_basic, cheibrodos_sewer_entry_drain
D:5:      layout_basic, nicolae_qazlal_general_emergency,
          minmay_temple_entry_butterflies, uniq_menkaure, uniq_sigmund
D:6:      layout_rooms
D:7:      lemuel_ratsnest, layout_basic, amcnicky_altar_gilded,
          gammafunk_ghost_abyssal_escape
D:8:      layout_loops_ring, grunt_temple_overflow_cloverleaf,
          mainiacjoe_overflow_brackets, uniq_psyche
Temple:   eino_wide_crystal_templ

Skill      XL: |  1  2  3  4  5  6  7  8  9 |
---------------+----------------------------+-----
Axes           | 3 4 5 6 7 9 10 12 | 12.0
Fighting       | 4 5 6 7 |  7.7
Shields        | 4 5 6 7 |  7.9
Throwing       | |  0.5
Armour         | |  3.2

Action                   |  1- 3 |  4- 6 |  7- 9 || total
-------------------------+-------+-------+-------++-------
Melee: War axe           |   110 |   259 |   288 ||   657
Throw: Dart              |       |       |     2 ||     2
  Use: Scroll            |       |       |    10 ||    10
       Potion            |       |       |     4 ||     4
Armor: Scale mail        |    79 |   142 |   102 ||   323
Dodge: Dodged            |    55 |    79 |    70 ||   204
Block: Kite shield       |    78 |   171 |   144 ||   393
